 Dungeon Crawl Stone Soup version 0.19.4-9-g45fd643 (webtiles) character file.

186 Mefis the Magician (level 5, 0/28 HPs)
             Began as a Deep Elf Ice Elementalist on Feb 17, 2017.
             Slain by an orc
             ... wielding a +0 mace
              (7 damage)
             ... on level 3 of the Dungeon.
             The game lasted 00:07:23 (3426 turns).

Mefis the Magician (Deep Elf Ice Elementalist)      Turns: 3426, Time: 00:07:24

Health: 0/28       AC:  2    Str:  5    XL:     5   Next: 38%
Magic:  0/13       EV: 13    Int: 21    God:
Gold:   218        SH:  0    Dex: 15    Spells: 4 memorised, 2 levels left

rFire  . . .     SeeInvis .     F - +0 dagger (venom)
rCold  . . .     Gourm    .     a - +0 robe
rNeg   . . .     Faith    .     (no shield)
rPois  .         Spirit   .     (no helmet)
rElec  .         Reflect  .     (no cloak)
rCorr  .         Harm     .     (no gloves)
MR     .....                    (no boots)
Stlth  ++........               (no amulet)
                                (no ring)
                                (no ring)

@: no status effects
A: no striking features
a: no special abilities


You were on level 3 of the Dungeon.
You were not hungry.

You visited 1 branch of the dungeon, and saw 3 of its levels.

You collected 218 gold pieces.

Inventory:

Hand Weapons
 d - a +1 mace of crushing
 r - a +4 spear
 y - a +0 hunting sling
 E - a cursed -2 dagger
 F - a +0 dagger of venom (weapon)
Missiles
 w - 23 sling bullets
Armour
 a - a +0 robe (worn)
Jewellery
 u - a cursed amulet of inaccuracy {unknown}
 v - an uncursed ring of magical power {unknown}
 D - an uncursed ring of poison resistance {unknown}
Scrolls
 e - a scroll of noise {unknown}
 f - 8 scrolls of identify {unknown}
 g - 2 scrolls of teleportation {unknown}
 h - 2 scrolls of blinking {unknown}
 i - 6 scrolls of remove curse {unknown}
 j - a scroll of fear {unknown}
 n - 2 scrolls of enchant armour {unknown}
 p - a scroll of enchant weapon {unknown}
 s - a scroll of fog {unknown}
 x - a scroll of immolation {unknown}
Potions
 k - a potion of flight {unknown}
 l - 3 potions of mutation {unknown}
 m - a potion of agility {unknown}
 o - 2 potions of might {unknown}
 q - 3 potions of curing {unknown}
 z - a potion of heal wounds {unknown}
 A - a potion of ambrosia {unknown}
 B - a potion of magic {unknown}
Books
 b - a book of Frost

   Spells                             Type                      Level
   a - Freeze                         Ice                          1
   b - Throw Frost                    Conjuration/Ice              2
   c - Ozocubu's Armour               Charms/Ice                   3
   d - Throw Icicle                   Conjuration/Ice              4
   e - Summon Ice Beast               Ice/Summoning                4
Comestibles
 c - a bread ration
 t - a beef jerky
 C - 8 chunks of flesh


   Skills:
 + Level 3.3 Dodging
 + Level 3.2 Stealth
 * Level 4.2 Spellcasting
 * Level 2.5 Conjurations
 + Level 1.9 Charms
 * Level 1.2 Summonings
 + Level 4.2 Ice Magic


You had 2 spell levels left.
You knew the following spells:

 Your Spells              Type           Power        Failure   Level  Hunger
a - Freeze                Ice            ###.         1%          1    None
b - Summon Ice Beast      Ice/Summ       ###.....     41%         4    ####...
p - Ozocubu's Armour      Chrm/Ice       ###.....     12%         3    ###....
s - Throw Frost           Conj/Ice       ###...       4%          2    #......


Dungeon Overview and Level Annotations

Branches:
Dungeon (3/15)

Altars:


Message History

Confirm with . or Enter, or press ? or * to list all spells.
Aiming: Freeze
Press: ? - help, Shift-Dir - straight line, f/p - orc
Aim: an orc, wielding a club (moderately wounded)
You freeze the orc.
You kill the orc!
The orc hits you with a mace.
* * * LOW HITPOINT WARNING * * *
Casting: Freeze
Confirm with . or Enter, or press ? or * to list all spells.
Aiming: Freeze
Press: ? - help, Shift-Dir - straight line, f - orc
Aim: an orc, wielding a mace You freeze the orc.
The orc is almost dead.
The orc barely misses you.
You barely miss the orc.
The orc is almost dead.
The orc hits you with a mace!
You die...

##+#+##+#### #.# #.#...
###.#.# #.#.#.
##+####?..#.#######.#...
#.......$##.............
#........##########.###.
#........# #............
#........# #.######.###.
##.....o..# #.# #.# ##
......)@.# #.# #.####
###.#S####+####.# #.....
#.....).........###########
...#.#.###.####.............
#.#........############
#.#...####.# #.##### ### #.
#.


You could see an adder (wandering) and an orc.

Vanquished Creatures
  An orc priest (D:3)
  Jessica (D:2)
  A gnoll (D:1)
  An adder (D:3)
  An ooze (D:1)
  2 worms (D:2)
  A dart slug (D:2)
  A leopard gecko (D:3)
  15 orcs (D:3)
  11 bats
  4 giant cockroaches
  10 goblins
  3 hobgoblins
  5 jackals
  4 kobolds
  4 quokkas
  A ball python (D:2)
  4 frilled lizards
  7 rats
77 creatures vanquished.

Notes
Turn   | Place    | Note
-------+----------+-------------------------------------------
     0 | D:1      | Mefis the Deep Elf Ice Elementalist began the quest for the Orb.
     0 | D:1      | Reached XP level 1. HP: 10/10 MP: 6/6
    87 | D:1      | You fall through a shaft!
   551 | D:2      | Reached XP level 2. HP: 15/15 MP: 5/8
   558 | D:2      | Learned a level 2 spell: Throw Frost
  1015 | D:1      | Reached XP level 3. HP: 17/19 MP: 5/10
  1028 | D:1      | Learned a level 3 spell: Ozocubu's Armour
  1754 | D:2      | Reached skill level 1 in Charms
  2164 | D:2      | Noticed Jessica
  2168 | D:2      | Killed Jessica
  2168 | D:2      | Reached XP level 4. HP: 23/24 MP: 9/12
  2203 | D:2      | Learned a level 4 spell: Summon Ice Beast
  3259 | D:3      | Reached XP level 5. HP: 23/28 MP: 5/13
  3364 | D:3      | Reached skill level 1 in Summonings
  3426 | D:3      | Slain by an orc

Skill      XL: |  1  2  3  4  5 |
---------------+----------------+-----
Dodging        | 3 |  3.3
Charms         | 1 |  1.9
Stealth        | 3 |  3.2
Spellcasting   | 4 |  4.2
Conjurations   | 2 |  2.5
Ice Magic      | 4 |  4.2
Summonings     | 1 |  1.2

Action                   |  1- 3 |  4- 6 || total
-------------------------+-------+-------++-------
Melee: Mace              |    14 |     8 ||    22
       Dagger            |       |     1 ||     1
 Cast: Freeze            |    39 |    53 ||    92
       Throw Frost       |    20 |     5 ||    25
 Stab: Sleeping          |     5 |       ||     5
  Eat: Chunk             |     4 |     4 ||     8
Armor: Robe              |    12 |     4 ||    16
Dodge: Dodged            |    27 |    23 ||    50
